 Dungeon Crawl Stone Soup version 0.27-a0-1272-g7c8ad2e407 (webtiles) character file.

Game seed: 1708802344909369087

944483 Delamore the Conqueror (level 27, -3/199 HPs)
             Began as a Formicid Fighter on June 10, 2021.
             Was a High Priest of Zin.
             Slain by a bennu (17 damage)
             ... on level 1 of the Tomb of the Ancients on June 11, 2021.
             The game lasted 02:38:50 (90273 turns).

Delamore the Conqueror (Formicid Fighter)          Turns: 90273, Time: 02:38:51

Health: -3/199     AC: 32    Str: 25    XL:     27
Magic:  20/20      EV: 14    Int:  9    God:    Zin [*****.]
Gold:   286        SH: 34    Dex: 13    Spells: 26/26 levels left

rFire    + + +     SeeInvis +   M - +9 executioner's axe (freeze)
rCold    + + .     Faith    .   g - +8 tower shield {AC+3}
rNeg     + + .     Spirit   .   T - +3 plate armour of Detron {rC++}
rPois    .         Reflect  .   (helmet unavailable)
rElec    .         Harm     .   e - +2 cloak of Weightlessness {rF+ rCorr Slay+2}
rCorr    +         Rampage  .   o - +3 pair of gauntlets of War {Slay+5}
Will     +++++     Clarity  +   G - -1 pair of boots of Limited Liability {rC+ Dex+3}
Stlth    ..........             k - amulet of the Four Winds {rN+ Will+++ Clar}
HPRegen  0.00/turn              c - ring of Departure {rF+ rN+ rCorr Str-3}
MPRegen  0.17/turn              p - ring of Fumop {Fire Will+ Int-3 Slay+5}

@: unable to read, studying 2 skills
A: permanent stasis, dig shafts and tunnels, antennae 3, four strong arms, fangs
1, deformed body, deterioration 1, dopey 1, frail 2, low mp 1, screaming 2,
inhibited regeneration, evolution 1, inability to read while threatened
}: 5/15 runes: decaying, serpentine, slimy, silver, abyssal
a: Dig, Shaft Self, Renounce Religion, Recite, Vitalisation, Imprison,
Sanctuary, Donate Gold


You were on level 1 of the Tomb of the Ancients.
You worshipped Zin.
Zin was extremely pleased with you.
You visited 15 branches of the dungeon, and saw 61 of its levels.
You visited the Abyss 1 time.
You visited 1 ziggurat, and saw 10 of its levels.
You also visited: Trove, Bailey, Gauntlet, Volcano and Desolation.

You collected 43613 gold pieces.
You spent 11422 gold pieces at shops.
You donated 31 gold pieces to Zin.
You paid 31874 gold pieces to Gozag.

Inventory:

Hand Weapons
 M - a +9 executioner's axe of freezing (weapon)
 S - the +5 lajatang "Spiderbane" {spect, rF++ rC+++ Int-5}
   (You found it on level 3 of the Crypt)

   When it strikes, its spirit leaps out and fights alongside the wielder.
   It affects your intelligence (-5).
   It greatly protects you from fire.
   It renders you almost immune to cold.
Missiles
 l - 10 silver boomerangs
 y - 13 throwing nets
 A - 14 javelins
 I - 30 boomerangs (quivered)
 X - 4 boomerangs of dispersal
 Y - 10 silver javelins
Armour
 e - the +2 cloak of Weightlessness (worn) {rF+ rCorr Slay+2}
   (You bought it in a shop on level 4 of the Lair of Beasts)

   It affects your accuracy and damage with ranged weapons and melee attacks
   (+2).
   It protects you from fire.
   It protects you from acid and corrosion.
 g - a +8 tower shield of protection (worn)
 o - the +3 pair of gauntlets of War (worn) {Slay+5}
   (You found it in a treasure trove)

   It affects your accuracy and damage with ranged weapons and melee attacks
   (+5).
 G - the -1 pair of boots of Limited Liability (worn) {rC+ Dex+3}
   (You found it on level 8 of the Dungeon)

   It affects your dexterity (+3).
   It protects you from cold.
 T - the +3 plate armour of Detron (worn) {rC++}
   (You found it on level 3 of the Elven Halls)

   It greatly protects you from cold.
Jewellery
 c - the ring of Departure (left hand) {rF+ rN+ rCorr Str-3}
   (You acquired it on level 13 of the Dungeon)

   [ring of resist corrosion]

   It affects your strength (-3).
   It protects you from fire.
   It protects you from negative energy.
   It protects you from acid and corrosion.
 i - an amulet of magic regeneration
 j - the ring "Hero's Friend" {rF++ rCorr Stlth+}
   (You took it off a hell knight on level 5 of the Vaults)

   [ring of resist corrosion]

   It greatly protects you from fire.
   It protects you from acid and corrosion.
   It makes you more stealthy.
 k - the amulet of the Four Winds (around neck) {rN+ Will+++ Clar}
   (You found it on level 5 of the Pits of Slime)

   [amulet of nothing]

   It protects you from negative energy.
   It protects you against confusion.
   It greatly increases your willpower.
 p - the ring of Fumop (right hand) {Fire Will+ Int-3 Slay+5}
   (You found it on level 3 of the Elven Halls)

   [ring of fire]

   It enhances your fire magic.
   It affects your intelligence (-3).
   It affects your accuracy and damage with ranged weapons and melee attacks
   (+5).
   It protects you from fire.
   It makes you vulnerable to cold.
   It increases your willpower.
 s - the ring of the Singing Messenger {rElec rPois rC+ Will+ Str-3}
   (You found it on level 10 of a ziggurat)

   [ring of willpower]

   It affects your strength (-3).
   It protects you from cold.
   It insulates you from electricity.
   It protects you from poison.
   It increases your willpower.
 N - the ring "Nenkufat" {Wiz Fly rPois rC+ Str+5}
   (You found it on level 9 of the Dungeon)

   [ring of wizardry]

   It improves your spell success rate.
   It affects your strength (+5).
   It protects you from cold.
   It protects you from poison.
   It grants you flight.
Wands
 E - a wand of flame (25)
 J - a wand of iceblast (90)
 P - a wand of acid (33)
 Z - a wand of paralysis (15)
Scrolls
 b - 11 scrolls of amnesia
 h - 5 scrolls of brand weapon
 q - 5 scrolls of immolation
 r - 6 scrolls of fog
 t - 6 scrolls of summoning
 z - 3 scrolls of enchant weapon
 D - 54 scrolls of identify
 F - 5 scrolls of enchant armour
 H - 12 scrolls of fear
 O - 10 scrolls of magic mapping
 Q - 3 scrolls of silence
 W - 3 scrolls of holy word
Potions
 a - a potion of ambrosia
 d - 13 potions of might
 f - 13 potions of brilliance
 m - a potion of flight
 n - 5 potions of resistance
 u - 2 potions of heal wounds
 w - 3 potions of invisibility
 x - 3 potions of magic
 K - 27 potions of curing
Miscellaneous
 v - a condenser vane
 C - a tin of tremorstones (2/2)
 L - a box of beasts
 U - a phantom mirror


   Skills:
 O Level 27 Fighting
 - Level 23.7(26.0) Axes
 - Level 20.0(24.1) Polearms
 + Level 23.6 Throwing
 + Level 24.2 Armour
 - Level 15.0 Dodging
 - Level 25.0 Shields
 - Level 20.0 Evocations


You had 26 spell levels left.
You didn't know any spells.
Your spell library contained the following spells:

 Spells                   Type           Power      Damage    Failure   Level
 Apportation              Tloc           0%         N/A       85%         1
 Beastly Appendage        Tmut           0%         N/A       85%         1
 Corona                   Hex            0%         N/A       85%         1
 Foxfire                  Conj/Fire      0%         2x1d4     85%         1
 Freeze                   Ice            0%         1d3       85%         1
 Magic Dart               Conj           0%         1d3       85%         1
 Pain                     Necr           0%         1d4       85%         1
 Sandblast                Erth           0%         2d4       85%         1
 Shock                    Conj/Air       0%         1d3       85%         1
 Sting                    Tmut/Pois      0%         1d3       85%         1
 Summon Small Mammal      Summ           0%         N/A       85%         1
 Call Imp                 Summ           0%         N/A       94%         2
 Corpse Rot               Necr/Air       N/A        N/A       94%         2
 Ensorcelled Hibernation  Hex/Ice        0%         N/A       94%         2
 Passwall                 Tmut/Erth      0%         N/A       94%         2
 Poisonous Vapours        Pois/Air       0%         N/A       94%         2
 Searing Ray              Conj           0%         3d3       94%         2
 Slow                     Hex            0%         N/A       94%         2
 Static Discharge         Conj/Air       0%         N/A       94%         2
 Sublimation of Blood     Necr           0%         N/A       94%         2
 Wereblood                Tmut           0%         N/A       94%         2
 Call Canine Familiar     Summ           0%         N/A       99%         3
 Confusing Touch          Hex            0%         N/A       99%         3
 Conjure Flame            Conj/Fire      0%         6-21      99%         3
 Dazzling Flash           Conj/Hex       0%         N/A       99%         3
 Frozen Ramparts          Ice            0%         1d2       99%         3
 Gell's Gravitas          Tloc           0%         N/A       99%         3
 Ignite Poison            Fire/Tmut/Pois 0%         N/A       99%         3
 Inner Flame              Hex/Fire       0%         N/A       99%         3
 Lesser Beckoning         Tloc           0%         N/A       99%         3
 Mephitic Cloud           Conj/Pois/Air  0%         N/A       99%         3
 Ozocubu's Armour         Ice            0%         N/A       99%         3
 Portal Projectile        Hex/Tloc       0%         N/A       99%         3
 Spider Form              Tmut/Pois      0%         N/A       99%         3
 Stone Arrow              Conj/Erth      0%         3d7       99%         3
 Summon Guardian Golem    Hex/Summ       0%         N/A       99%         3
 Tukima's Dance           Hex            0%         N/A       99%         3
 Vampiric Draining        Necr           0%         2d6       99%         3
 Airstrike                Air            0%         N/A       100%        4
 Animate Armour           Summ/Erth      0%         N/A       100%        4
 Animate Dead             Necr           0%         N/A       100%        4
 Cause Fear               Hex            0%         N/A       100%        4
 Dispel Undead            Necr           0%         3d6       100%        4
 Fulminant Prism          Conj/Hex       0%         3d6       100%        4
 Hailstorm                Conj/Ice       0%         3d3       100%        4
 Ice Form                 Ice/Tmut       0%         N/A       100%        4
 Iskenderun's Mystic Bla  Conj/Tloc      0%         2d3       100%        4
 Leda's Liquefaction      Hex/Erth       0%         N/A       100%        4
 Olgreb's Toxic Radiance  Pois           0%         N/A       100%        4
 Passage of Golubria      Tloc           N/A        N/A       100%        4
 Petrify                  Tmut/Erth      0%         N/A       100%        4
 Sticky Flame             Conj/Fire      0%         2d3       100%        4
 Summon Ice Beast         Ice/Summ       0%         N/A       100%        4
 Summon Lightning Spire   Summ/Air       0%         N/A       100%        4
 Agony                    Necr           0%         N/A       100%        5
 Alistair's Intoxication  Tmut/Pois      0%         N/A       100%        5
 Bolt of Magma            Conj/Fire/Erth 0%         4d4       100%        5
 Borgnjor's Vile Clutch   Necr/Erth      0%         N/A       100%        5
 Excruciating Wounds      Necr           0%         N/A       100%        5
 Fireball                 Conj/Fire      0%         3d3       100%        5
 Freezing Cloud           Conj/Ice/Air   0%         6-21      100%        5
 Irradiate                Conj/Tmut      0%         3d14      100%        5
 Iskenderun's Battlesphe  Conj           0%         2d6       100%        5
 Lee's Rapid Deconstruct  Erth           0%         3d5*      100%        5
 Lightning Bolt           Conj/Air       0%         1d11      100%        5
 Metabolic Englaciation   Hex/Ice        0%         N/A       100%        5
 Silence                  Hex/Air        0%         N/A       100%        5
 Yara's Violent Unravell  Hex/Tmut       0%         3d3       100%        5
 Blade Hands              Tmut           0%         N/A       100%        6
 Death Channel            Necr           0%         N/A       100%        6
 Invisibility             Hex            0%         N/A       100%        6
 Iron Shot                Conj/Erth      0%         9d1       100%        6
 Shadow Creatures         Summ           N/A        N/A       100%        6
 Simulacrum               Ice/Necr       0%         N/A       100%        6
 Starburst                Conj/Fire      0%         8x6d3     100%        6
 Statue Form              Tmut/Erth      0%         N/A       100%        6
 Dragon Form              Tmut           0%         N/A       100%        7
 Malign Gateway           Summ/Tloc      0%         N/A       100%        7
 Orb of Destruction       Conj           0%         N/A       100%        7
 Ozocubu's Refrigeration  Ice            0%         4d5       100%        7
 Spellforged Servitor     Conj/Summ      0%         N/A       100%        7
 Storm Form               Tmut/Air       0%         N/A       100%        7
 Ignition                 Fire           0%         3d3       100%        8
 Infestation              Necr           0%         N/A       100%        8
 Lehudib's Crystal Spear  Conj/Erth      0%         10d2      100%        8
 Chain Lightning          Conj/Air       0%         N/A       100%        9
 Fire Storm               Conj/Fire      0%         5d1       100%        9
 Polar Vortex             Ice            0%         N/A       100%        9
 Shatter                  Erth           0%         3d5*      100%        9
 Blink                    Tloc           Unusable   N/A       N/A         2
 Swiftness                Air            Unusable   N/A       N/A         3

Dungeon Overview and Level Annotations

Branches:
Dungeon (15/15)            Temple (1/1) D:4            Lair (6/6) D:11
  Swamp (4/4) Lair:4        Snake (4/4) Lair:3        Slime (5/5) Lair:6
    Orc (2/2) D:11            Elf (3/3) Orc:2        Vaults (5/5) D:13
  Crypt (3/3) Vaults:2       Tomb (1/3) Crypt:3      Depths (5/5) D:15
   Hell (visited)             Dis (0/7) Hell            Geh (0/7) Hell
    Coc (0/7) Hell            Tar (1/7) Hell            Zot (5/5) Depths:5
 Bailey (visited)         Volcano (visited)         Desolation (visited)
Gauntlet (visited)

Altars:
Ashenzari
Cheibriados
Dithmenos
Elyvilon
Fedhas
Gozag
Hepliaklqana
Kikubaaqudgha
Makhleb
Nemelex Xobeh
Okawaru
Qazlal
Ru
Sif Muna
Trog
Uskayaw
Vehumet
Wu Jian
Xom
Yredelemnul
Zin
The Shining One
Beogh
Jiyva
Lugonu

Shops:
D:5 =*?=(   D:7 =   D:10 (   D:11 *(   D:13 ?!*[?==   Orc:2 !![*   Elf:1 :!([:
Lair:4 [   Lair:5 *[   Snake:1 !   Snake:2 (   Vaults:2 *   Vaults:3 !
Vaults:4 [   Vaults:5 =?   Tar:1 [   Depths:1 *   Depths:2 (   Depths:5 ![

Portals:
Hell: Depths:1 Depths:2 Depths:3 Depths:4 Depths:5
Abyss: Depths:1 Depths:2 Depths:3 Depths:4
Pandemonium: Depths:3 Depths:4 Depths:5

Annotations:
D:8 2 transporters, feta's ghost, novice DDFi
Depths:3 1 runed translucent door, Quahany's ghost, legendary GrEE


Innate Abilities, Weirdness & Mutations

You cannot be hasted, slowed, berserked, paralysed or teleported.
You can dig through walls and to a lower floor.
You have a pair of large antennae on your head. (SInv)
Your four strong arms can wield two-handed weapons with a shield.
You have very sharp teeth.
Armour fits poorly on your strangely shaped body.
Your body sometimes deteriorates upon taking damage.
You are dopey. (Int -2)
You are very frail. (-20% HP)
Your magical capacity is low. (-10% MP)
You frequently scream uncontrollably at your foes.
You do not regenerate when monsters are visible.
You evolve.
You sometimes lose the ability to read scrolls when taking damage.


Message History

Gozag incites the skeletal warrior against you.
The skeletal warrior seems to speed up.
You block the jiangshi's attack. x2
You slice the jiangshi!! You freeze the jiangshi.
The jiangshi is heavily damaged.
You can read scrolls again.
You block the jiangshi's attack. x2; You block the bennu's attack.
The bennu closely misses you. The bennu claws you but does no damage.
You slice the jiangshi!! You freeze the jiangshi!
You destroy the jiangshi!
You hit the bennu. You freeze the bennu. You chop the jiangshi into pieces!!!
You freeze the jiangshi. The bennu pecks you! You block the bennu's attack. x2
You block the jiangshi's attack.
The jiangshi claws you but does no damage.
The bennu pecks you but does no damage. The bennu claws you!
You feel threatened and lose the ability to read scrolls!
The bennu misses you.
You are too injured to fight recklessly!
You are too injured to fight recklessly!
You block the jiangshi's attack. x2
The ushabti shakes and rattles deafeningly!
The bennu pecks you!!
* * * LOW HITPOINT WARNING * * *
The bennu barely misses you. The bennu claws you!
* * * LOW HITPOINT WARNING * * *
The mummy priest calls down the wrath of its god upon you.
Something smites you!
* * * LOW HITPOINT WARNING * * *
You hear a shout!
You block the bennu's attack. The bennu closely misses you.
You block the bennu's attack.
There is a huge open gate here.
The bennu pecks you!
* * * LOW HITPOINT WARNING * * *
You block the bennu's attack. x2; The bennu pecks you!!
* * * LOW HITPOINT WARNING * * *
The bennu claws you but does no damage. You block the bennu's attack.
Okay, then.
You fail to use your ability.
You block the bennu's attack. x2
The bennu closely misses you. The bennu pecks you!
You die...

{ { #.......#
#.8...8.# {
#.......# {
#.......# {
#.8...8.#
#.......#
#.......#
#.8...8.#
#......@#
##''''b##
#..^....########
{
.........Vz{.....
........{MH{.....
##..M...{WM{.....
{
#.......M.{Z....
#...............
#....$.......8..


You could see a bennu (berserk, incited) and a guardian mummy.

Vanquished Creatures
  the Royal Jelly (Slime:5)
  5 ancient liches
  6 dread liches
  Mara (Crypt:2)
  8 orbs of fire
  2 juggernauts (Depths:5)
  The ghost of Warufrag the Warrior, a veteran GrFi of the Shining One (Crypt:3)
  4 Killer Klowns
  Frederick (Vaults:2)
  Saint Roka (Vaults:5)
  3 curse toes
  Margery (Vaults:2)
  A caustic shrike (Depths:2)
  A profane servitor (Abyss:4)
  17 golden dragons
  16 bone dragons
  27 Tzitzimimeh (Tar:1)
  9 doom hounds (Tar:1)
  Jorgrun (Swamp:2)
  4 electric golems
  22 tentacled monstrosities
  A Hell Sentinel (Abyss:4)
  2 deep elf master archers (Elf:3)
  24 Orb Guardians (Zot:5)
  An Ice Fiend (Zig:4)
  7 liches
  2 deep elf blademasters (Elf:3)
  9 quicksilver dragons
  Asterion (Elf:1)
  26 acid blobs
  2 Executioners
  2 titans
  8 death cobs
  12 sphinxes
  The ghost of knorpule3000 the Slayer, an adept MiBe of Trog (Snake:1)
  9 ancient champions
  16 tentacled starspawn
  Frances (D:12)
  A thorn hunter (Zig:8)
  Gastronok (D:9)
  4 tengu reavers
  Donald (Crypt:2)
  Roxanne (Elf:1)
  14 storm dragons
  2 revenants (Crypt:2)
  2 nagarajas (Snake:4)
  16 shadow dragons
  8 draconian monks
  2 iron dragons
  11 rockslimes
  5 imperial myrmidons (Desolation)
  11 fire giants
  10 azure jellies
  2 emperor scorpions (Zig:9)
  8 frost giants
  4 ghost moths
  A deep elf sorcerer (Elf:3)
  5 draconian knights
  16 vault wardens
  14 draconian scorchers
  A curse skull (Crypt:3)
  A cacodemon (Hell)
  3 orc warlords
  4 balrugs
  17 ghouls
  8 draconian annihilators
  Louise (Snake:4)
  7 draconian shifters
  2 deep elf elementalists (Elf:3)
  25 ironbound preservers
  37 very ugly things
  11 quicksilver oozes
  3 war gargoyles (Vaults:4)
  6 spriggan defenders
  11 reapers
  94 starcursed masses
  13 draconian stormcallers
  An ophan (Abyss:2)
  14 deep elf demonologists
  Nessos (Orc:2)
  16 stone giants
  16 vampire knights
  26 red draconians
  12 white draconians
  9 green draconians
  8 bunyips
  A minotaur (Gauntlet)
  16 purple draconians
  13 yellow draconians
  5 deep elf annihilators
  A bunyip (shapeshifter) (Vaults:5)
  3 lorocyprocas
  10 black draconians
  5 entropy weavers
  A spark wasp (Depths:3)
  5 dire elephants
  4 green deaths
  The ghost of Tazxata the Slicer, a journeyman VSFi of Wu Jian (Elf:2)
  13 ettins
  6 eidola
  10 mummy priests
  Snorg (D:13)
  6 deep elf death magi
  8 jiangshi
  3 eleionomae (Swamp:4)
  8 blizzard demons
  A merfolk impaler (Abyss:4)
  A crystal guardian (Desolation)
  2 shambling mangroves
  5 ragged hierophants (Desolation)
  12 yaktaur captains
  15 fire dragons
  The ghost of Qorotoc the Blocker, a journeyman MiFi of the Shining One (D:11)
  4 deep elf high priests
  A quicksilver dragon skeleton (Abyss:3)
  The ghost of Delamore the Impaler, a journeyman FoFi of Hepliaklqana (Lair:3)
  23 hydras
  21 great orbs of eyes
  7 ironbound thunderhulks
  14 ice dragons
  3 ghost crabs
  11 rakshasas
  3 salamander tyrants (Snake:4)
  8 boulder beetles
  14 ironbound frosthearts
  3 spriggan air magi
  2 ogre magi
  10 centaur warriors
  4 hell beasts
  19 naga warriors
  34 vault guards
  6 servants of whispers (Desolation)
  8 peacekeepers
  2 catoblepae (Lair:6)
  7 death knights
  A fenstrider witch skeleton (Crypt:1)
  A fenstrider witch zombie (Crypt:1)
  The ghost of Tessuop the Grappler, a journeyman VSFi of Cheibriados (Lair:4)
  An anaconda (shapeshifter) (Depths:5)
  13 two-headed ogres
  4 alligators
  10 anacondas
  16 death yaks
  4 deep troll shamans
  5 hell hogs (Hell)
  7 death scarabs
  22 thrashing horrors
  5 ironbound beastmasters
  3 deep troll earth magi
  12 tengu warriors
  8 vampire magi
  2 titan zombies
  16 naga sharpshooters
  An orc high priest (Elf:1)
  10 soul eaters
  24 deep elf knights
  6 spriggan berserkers
  10 shock serpents
  19 hell knights
  Sonja (Lair:6)
  A storm dragon zombie (Hell)
  Nergalle (D:11)
  15 sun demons
  10 sixfirhies
  A fire crab (Volcano)
  7 shadow wraiths
  A goliath frog (Swamp:4)
  6 salamander mystics
  A spectral catoblepas (Lair:4)
  8 spatial maelstroms
  2 golden dragon zombies (Tar:1)
  21 wretched stars
  48 skeletal warriors
  2 anaconda zombies (Tar:1)
  An entropy weaver zombie (Crypt:2)
  4 iron trolls (Depths:2)
  6 shadow demons
  5 sea snakes (Snake:4)
  4 bog bodies
  60 deep trolls
  5 spriggan druids
  A kraken simulacrum (Hell)
  A torturous demonspawn (Depths:5)
  A deep troll (shapeshifter) (Elf:2)
  11 flayed ghosts
  A glowing orange brain (shapeshifter) (Vaults:5)
  An obsidian statue (Zot:5)
  A shadow dragon zombie (Abyss:3)
  2 golden dragon skeletons
  An orange crystal statue (Vaults:4)
  16 glowing orange brains
  11 naga ritualists
  12 swamp dragons
  20 phantasmal warriors
  12 deep elf archers
  7 wizards
  2 wolf spider zombies
  5 orc knights
  A faun (shapeshifter) (Vaults:5)
  19 ironbound convokers
  3 harpies (Vaults:4)
  A tengu zombie (Zig:6)
  4 death drakes
  2 shadow dragon skeletons
  28 deep elf pyromancers
  An orb spider (Zig:2)
  11 lindwurms
  83 ugly things
  2 anaconda skeletons
  8 necromancers
  3 fire giant zombies
  3 oklob plants (Lair:1)
  3 iron dragon zombies
  20 deep elf zephyrmancers
  13 orc sorcerers
  A wolf spider (shapeshifter) (Abyss:3)
  16 mana vipers
  9 shining eyes
  3 wolf spiders (Zig:9)
  6 will-o-the-wisps
  5 frost giant zombies
  8 salamanders
  A sphinx skeleton (Zig:4)
  8 cyclopes
  10 worldbinders
  2 manticores
  12 guardian serpents
  26 moths of wrath
  A stone giant zombie (Hell)
  20 elephants
  A fire giant skeleton (Tar:1)
  8 rust devils
  A shock serpent zombie (Tar:1)
  2 frost giant skeletons
  7 apocalypse crabs
  40 black mambas
  25 naga magi
  8 orange demons
  29 smoke demons
  A dire elephant zombie (Tar:1)
  17 vault sentinels
  A stone giant skeleton (Tomb:1)
  A cane toad (shapeshifter) (Vaults:5)
  6 molten gargoyles
  3 torpor snails
  8 cane toads
  7 hellions
  2 gargoyles
  An eye of devastation (Abyss:3)
  2 rime drakes
  A spriggan zombie (Zig:6)
  Psyche (D:9)
  2 demonic crawlers
  10 freezing wraiths
  9 komodo dragons
  A catoblepas zombie (Crypt:1)
  3 efreet
  3 kobold demonologists
  3 tengu conjurers
  12 tormentors
  3 unseen horrors
  A death yak zombie (Crypt:2)
  18 ancient zymes
  42 yaktaurs
  A sea snake zombie (Hell)
  A red draconian skeleton (Crypt:2)
  A spectral naga (Snake:2)
  13 guardian mummies
  6 ice devils
  3 silent spectres (Tar:1)
  8 red devils
  A catoblepas skeleton (Abyss:3)
  10 trolls
  7 hellwings
  Prince Ribbit (D:6)
  60 large abominations
  5 tyrant leeches
  A hydra zombie (Hell)
  4 polar bears
  A wind drake (shapeshifter) (Abyss:3)
  A hornet (shapeshifter) (D:15)
  99 slime creatures
  A harpy skeleton (Abyss:3)
  4 hydra skeletons
  20 blink frogs
  A snapping turtle (shapeshifter) (D:15)
  60 saltlings
  A spectral dream sheep (Gauntlet)
  A boulder beetle zombie (Crypt:3)
  An ettin zombie (Abyss:3)
  17 hornets
  25 raiju
  An ice dragon zombie (Tar:1)
  An alligator zombie (Hell)
  A meliai zombie (D:11)
  10 redbacks
  A redback (shapeshifter) (Depths:4)
  4 air elementals
  3 ettin skeletons
  28 flying skulls
  3 tarantellas
  2 alligator skeletons (Hell)
  8 water elementals
  2 ushabtiu
  14 wraiths
  A dire elephant simulacrum (Hell)
  An ice dragon skeleton (Crypt:3)
  43 yaks
  8 vampires
  A satyr skeleton (Crypt:2)
  19 spriggans
  2 wyverns
  11 shadows
  A fire dragon skeleton (Tar:1)
  13 ynoxinuls
  19 fire bats
  A black mamba skeleton (Tar:1)
  5 golden eyes (Slime:5)
  A fire elemental (Elf:2)
  2 basilisks
  12 chaos spawn
  2 steam dragons
  41 small abominations
  2 spectral komodo dragons (Lair:4)
  A faun zombie (Crypt:2)
  9 vampire mosquitoes
  9 neqoxecs
  Menkaure (D:4)
  A death yak simulacrum (Lair:4)
  14 swamp worms
  12 spatial vortices
  13 wargs
  An acid dragon (D:11)
  41 nagas
  16 water moccasins
  38 hell hounds
  Duvessa (D:6)
  A hydra simulacrum (Lair:4)
  A monstrous demonspawn skeleton (Crypt:2)
  8 swamp drakes (Swamp:4)
  2 cane toad zombies (Tar:1)
  A torturous demonspawn skeleton (Crypt:2)
  An alligator simulacrum (Hell)
  19 orc warriors
  An ice dragon simulacrum (Crypt:2)
  5 black bears
  A snapping turtle zombie (Abyss:3)
  An ettin simulacrum (Crypt:2)
  12 ogres
  A manticore zombie (Tar:1)
  9 necrophages
  3 sky beasts
  A snapping turtle skeleton (Tar:1)
  A swamp dragon zombie (Tar:1)
  7 wolves
  3 phantoms (Tar:1)
  8 centaurs
  A hog zombie (Crypt:1)
  A draconian zombie (Crypt:1)
  A rime drake zombie (Crypt:1)
  4 kobold brigands
  11 bullfrogs
  11 gnoll sergeants
  A wyvern zombie (D:6)
  Dowan (D:6)
  4 earth elementals
  2 scorpions
  A water moccasin zombie (D:7)
  A troll skeleton (Tar:1)
  46 killer bees
  A swamp dragon simulacrum (Abyss:3)
  An electric eel (Lair:4)
  15 wights
  The ghost of caleiya the Skirmisher, a weakling GrFi (D:3)
  4 howler monkeys
  8 lava snakes (Volcano)
  11 crimson imps (Abyss:3)
  3 centaur zombies
  10 quasits
  A bullfrog zombie (D:5)
  8 orc priests
  A jelly (D:6)
  A bullfrog skeleton (D:7)
  8 gnoll shamans
  4 hounds
  21 iron imps
  A human skeleton (Tar:1)
  A scorpion zombie (D:5)
  28 orc wizards
  18 hell rats
  6 lightning spires (Abyss:4)
  A tengu skeleton (Crypt:1)
  A felid skeleton (Crypt:1)
  2 ogre skeletons
  A naga skeleton (Tar:1)
  7 mummies
  36 gnolls
  7 adders
  2 howler monkey skeletons
  18 shadow imps
  A swamp drake skeleton (Crypt:1)
  12 white imps
  12 ufetubi
  2 worms (D:2)
  3 dart slugs (D:1)
  80 orcs
  6 spectral bats (Abyss:3)
  7 endoplasms
  3 giant cockroaches
  4 goblins
  3 hobgoblins
  2 quokkas
  5 ball pythons
  13 bats
  7 bat simulacra (Abyss:3)
  4 frilled lizards
  A frilled lizard zombie (Crypt:2)
  18 kobolds
  9 rats
  4 lurking horrors
  11 starspawn tentacles
  A tentacle (Hell)
3612 creatures vanquished.

Vanquished Creatures (collateral kills)
  Geryon (Hell)
  A golden dragon (Vaults:5)
  An Orb Guardian (Zot:5)
  A quicksilver dragon (Zig:5)
  A shadow dragon (Vaults:5)
  A deep elf sorcerer (Vaults:5)
  A fire giant (Vaults:5)
  A vault warden (Vaults:5)
  2 quicksilver oozes (Zig:7)
  A stone giant (Vaults:5)
  A deep elf demonologist (Vaults:5)
  A deep elf annihilator (Vaults:5)
  2 ettins (Vaults:5)
  A yaktaur captain (Vaults:5)
  An ice dragon (Zig:5)
  3 ogre magi (Vaults:5)
  4 hell knights (Vaults:5)
  A swamp dragon (Zig:5)
  A phantasmal warrior (Vaults:5)
  A rust devil (Hell)
  2 yaktaurs (Vaults:5)
  A troll (shapeshifter) (Vaults:5)
  A hornet (Zig:8)
  2 slime creatures (Zig:10)
  A large abomination (Abyss:3)
  2 yaks (Lair:6)
  2 small abominations (Abyss:3)
38 creatures vanquished.

Vanquished Creatures (others)
  An ancient lich (Vaults:5)
  2 tentacled monstrosities (Vaults:5)
  A titan (Vaults:5)
  A tengu reaver (Vaults:5)
  2 vault wardens (Vaults:5)
  A draconian scorcher (Zot:5)
  A deep elf sorcerer (Vaults:5)
  An entropy weaver (Vaults:5)
  A stone giant (Vaults:5)
  A deep elf annihilator (Vaults:5)
  A deep elf demonologist (Vaults:5)
  A deep elf death mage (Vaults:5)
  2 yaktaur captains (Vaults:5)
  A catoblepas (shapeshifter) (Vaults:5)
  A hydra (Zig:8)
  29 dancing weapons
  A vampire mage (Abyss:3)
  A deep elf knight (Elf:2)
  A deep troll earth mage (Vaults:5)
  A wizard (Vaults:4)
  An ironbound convoker (Vaults:5)
  A deep elf zephyrmancer (Elf:1)
  A necromancer (Vaults:5)
  A will-o-the-wisp (Zig:8)
  A water nymph (shapeshifter) (Vaults:5)
  3 vault sentinels (Vaults:5)
  A rime drake (Zig:5)
  A freezing wraith (Vaults:5)
  5 bloated husks
  3 hornets
  A queen bee (shapeshifter) (Vaults:5)
  A wind drake (shapeshifter) (Vaults:5)
  A saltling (Desolation)
  2 spriggans (Zig:8)
  A chaos spawn (Abyss:4)
  A swamp worm (Swamp:4)
  A small abomination (Abyss:3)
  An orc priest (Elf:1)
  3 orcs
  2 bushes
  6 demonic plants (Gauntlet)
  14 foxfires
  43 fungi
  2 lurking horrors
  56 plants
  32 starspawn tentacles
  5 tentacles (Hell)
  4 withered plants
245 creatures vanquished.

Grand Total: 3895 creatures vanquished

Notes
Turn   | Place    | Note
-------+----------+-------------------------------------------
     0 | D:1      | Delamore the Formicid Fighter began the quest for the Orb.
     0 | D:1      | Reached XP level 1. HP: 18/18 MP: 1/1
    82 | D:1      | Reached XP level 2. HP: 24/24 MP: 2/2
   374 | D:1      | Reached XP level 3. HP: 29/29 MP: 3/3
   459 | D:1      | Found a faded altar of an unknown god.
   510 | D:1      | Became a worshipper of Vehumet
   510 | D:1      | Reached * piety under Vehumet
   510 | D:1      | Offered knowledge of Freeze by Vehumet.
   682 | D:2      | Reached skill level 4 in Fighting
   682 | D:2      | Reached XP level 4. HP: 34/37 MP: 4/4
  1193 | D:3      | Reached XP level 5. HP: 32/43 MP: 5/5
  1352 | D:3      | Reached ** piety under Vehumet
  1352 | D:3      | Offered knowledge of Sandblast by Vehumet.
  1389 | D:3      | Found a runed translucent door.
  1389 | D:3      | Noticed caleiya's ghost (weakling GrFi)
  1416 | D:3      | Killed caleiya's ghost
  2086 | D:3      | Reached XP level 6. HP: 49/49 MP: 6/6
  2202 | D:4      | Reached skill level 5 in Polearms
  2238 | D:4      | Noticed an ogre
  2255 | D:4      | Killed an ogre
  2256 | D:4      | Reached skill level 5 in Fighting
  2455 | D:4      | Found a sacrificial altar of Ru.
  2490 | D:4      | Found a staircase to the Ecumenical Temple.
  2504 | Temple   | Entered the Ecumenical Temple
  2531 | Temple   | Fell from the grace of Vehumet
  2531 | Temple   | Became a worshipper of Gozag Ym Sagoz the Greedy
  2602 | D:4      | Noticed Menkaure
  3008 | D:4      | Killed Menkaure
  3009 | D:4      | Reached XP level 7. HP: 22/56 MP: 7/7
  3458 | D:5      | Entered Level 5 of the Dungeon
  3458 | D:5      | Found Qudaawk's Antique Weapon Emporium.
  4365 | D:5      | Found Bothrofre's Magic Scroll Shoppe.
  4376 | D:5      | Bought a scroll of fog for 24 gold pieces
  4376 | D:5      | Bought a scroll of magic mapping for 42 gold pieces
  4376 | D:5      | Bought a scroll of noise for 12 gold pieces
  4376 | D:5      | Bought a scroll of identify for 24 gold pieces
  4376 | D:5      | Bought a scroll of identify for 24 gold pieces
  4376 | D:5      | Bought a scroll of identify for 24 gold pieces
  4388 | D:5      | Found Xoulo's Jewellery Shoppe.
  4433 | D:5      | Found Fifuemix's Jewellery Shop.
  4444 | D:5      | Found Jelag's General Store.
  4584 | D:5      | Reached XP level 8. HP: 62/62 MP: 8/8
  5479 | D:6      | Noticed Duvessa
  5481 | D:6      | Noticed Dowan
  5485 | D:6      | Killed Duvessa
  5486 | D:6      | Reached skill level 10 in Polearms
  5486 | D:6      | Reached XP level 9. HP: 54/68 MP: 9/9
  5487 | D:6      | Killed Dowan
  5811 | D:6      | Noticed Prince Ribbit
  5826 | D:6      | Killed Prince Ribbit
  6605 | D:7      | Found Zoizxeot's Jewellery Emporium.
  6639 | D:7      | Was forgiven by Vehumet
  7401 | D:7      | Identified the +8 spear "Xorchor" {vorpal, Will- Dex+5}
  7608 | D:8      | Reached XP level 10. HP: 40/74 MP: 10/10
  8134 | D:5      | Bought a scroll of acquirement for 572 gold pieces
  8134 | D:5      | Acquired 1026 gold pieces
  8279 | D:7      | Bought the amulet of Moral Flaws {Faith Will+ Regen+ Dex+2}
                  | for 624 gold pieces
  8715 | D:8      | Identified the -1 pair of boots of Limited Liability {rC+
                  | Dex+3}
  8742 | D:8      | Found a bloodstained altar of Trog.
  8743 | D:8      | Noticed a moth of wrath
  8745 | D:8      | Noticed feta's ghost (novice DDFi)
  8749 | D:8      | Noticed a tengu warrior
  8760 | D:8      | Found a transporter.
  8982 | D:8      | Found a transporter.
  9214 | D:9      | Noticed a cyclops
  9233 | D:9      | Killed a cyclops
  9234 | D:9      | Reached skill level 5 in Shields
  9263 | D:9      | Noticed Psyche
  9281 | D:9      | Killed Psyche
  9282 | D:9      | Reached XP level 11. HP: 73/79 MP: 7/11
  9318 | D:9      | Reached skill level 5 in Armour
  9591 | D:9      | Noticed a deep elf pyromancer
  9595 | D:9      | Killed a deep elf pyromancer
  9596 | D:9      | Reached skill level 1 in Throwing
  9596 | D:9      | Reached skill level 1 in Evocations
  9615 | D:9      | Noticed a sphinx
  9849 | D:8      | Noticed an elephant
 10107 | D:8      | Killed an elephant
 10108 | D:8      | Reached skill level 5 in Evocations
 10196 | D:9      | Killed a sphinx
 10262 | D:9      | Noticed a two-headed ogre
 10284 | D:9      | Killed a two-headed ogre
 10285 | D:9      | Reached XP level 12. HP: 44/86 MP: 12/12
 10458 | D:9      | Noticed a two-headed ogre
 10460 | D:9      | Noticed Gastronok
 10509 | D:9      | Killed a two-headed ogre
 10617 | D:9      | Killed Gastronok
 10755 | D:9      | Identified the ring "Nenkufat" {Wiz Fly rPois rC+ Str+5}
 10968 | D:9      | Reached skill level 10 in Throwing
 11246 | D:10     | Entered Level 10 of the Dungeon
 11289 | D:10     | Found a portal to a secret trove of treasure.
 11464 | D:10     | Noticed a two-headed ogre
 11474 | D:10     | Killed a two-headed ogre
 11520 | D:10     | Found Zynt's Antique Weapon Shop.
 11707 | D:10     | Noticed a two-headed ogre
 11719 | D:10     | Killed a two-headed ogre
 11720 | D:10     | Reached skill level 6 in Fighting
 12174 | D:11     | Bought a +2 halberd of venom for 201 gold pieces
 12242 | D:11     | Noticed a two-headed ogre
 12247 | D:11     | Killed a two-headed ogre
 12341 | D:11     | Found a staircase to the Orcish Mines.
 12341 | D:11     | Noticed a two-headed ogre
 12348 | D:11     | Killed a two-headed ogre
 12349 | D:11     | Reached skill level 7 in Fighting
 12420 | D:11     | Noticed Nergalle
 12427 | D:11     | Killed Nergalle
 12428 | D:11     | Reached XP level 13. HP: 95/96 MP: 13/13
 12517 | D:11     | Found a transporter.
 12539 | D:11     | Noticed a boulder beetle
 12540 | D:11     | Noticed Qorotoc's ghost (journeyman MiFi)
 12547 | D:11     | Found a transporter.
 12560 | D:11     | Found a staircase to the Lair.
 12572 | D:11     | Found Twemy's Tempting Trifles.
 12595 | D:11     | Bought 2 throwing nets for 108 gold pieces
 12867 | Lair:1   | Entered Level 1 of the Lair of Beasts
 12871 | Lair:1   | Identified the Guide on Feathers and Sinister Rituals
 12873 | Lair:1   | Found a sparkling altar of Nemelex Xobeh.
 13018 | Lair:1   | Noticed an eight-headed hydra
 13024 | Lair:1   | Killed an eight-headed hydra
 13025 | Lair:1   | Reached skill level 8 in Fighting
 13865 | Lair:2   | Noticed a four-headed hydra
 14433 | Lair:2   | Reached skill level 9 in Fighting
 14576 | Lair:2   | Killed a four-headed hydra
 14922 | Lair:3   | Found a staircase to the Snake Pit.
 15035 | Lair:3   | Noticed a six-headed hydra
 15045 | Lair:3   | Killed a six-headed hydra
 15168 | Lair:3   | Found a runed translucent door.
 15207 | Lair:3   | Noticed Delamore's ghost (journeyman FoFi)
 15504 | Lair:3   | Killed Delamore's ghost
 15505 | Lair:3   | Reached skill level 15 in Polearms
 15594 | Lair:4   | Reached XP level 14. HP: 96/109 MP: 14/14
 15636 | Lair:4   | Reached skill level 10 in Fighting
 15636 | Lair:4   | Reached skill level 10 in Armour
 15671 | Lair:4   | Found a gate leading to a gauntlet.
 15683 | Gauntlet | Entered a Gauntlet
 15683 | Gauntlet | Found a transporter.
 15692 | Gauntlet | Found a transporter.
 15694 | Gauntlet | Found a transporter.
 15696 | Gauntlet | Found a transporter.
 15699 | Gauntlet | Noticed a cacodemon
 15714 | Gauntlet | Found a transporter.
 15729 | Gauntlet | Found a transporter.
 15737 | Gauntlet | Found a transporter.
 15752 | Gauntlet | Found a transporter.
 15753 | Gauntlet | Noticed a dire elephant
 15772 | Gauntlet | Found a transporter.
 15784 | Gauntlet | Found a transporter.
 15817 | Gauntlet | Found a transporter.
 15817 | Gauntlet | Noticed a quicksilver ooze
 15824 | Gauntlet | Found a transporter.
 15847 | Gauntlet | Noticed a balrug
 15848 | Gauntlet | Found a transporter.
 15855 | Gauntlet | Found a transporter.
 15857 | Gauntlet | Found a transporter.
 15881 | Gauntlet | Found a transporter.
 15888 | Gauntlet | Found a transporter.
 15942 | Gauntlet | Found a transporter.
 16110 | Gauntlet | Identified the +4 cloak of the Wheelwright {+Inv rPois
                  | Dex-2 SInv}
 16138 | Gauntlet | Identified the +1 morningstar "Ytofien" {holy, rElec rC-
                  | rN++ Str+4}
 16138 | Gauntlet | Noticed a minotaur
 16149 | Gauntlet | Killed a minotaur
 16155 | Gauntlet | Identified Sif Muna's Handbook of Freezing Orientation
 16466 | Lair:4   | Found a staircase to the Swamp.
 16563 | Lair:4   | Found a runed translucent gate.
 16563 | Lair:4   | Found a runed translucent gate.
 16568 | Lair:4   | Found a runed translucent gate.
 16572 | Lair:4   | Noticed Tessuop's ghost (journeyman VSFi)
 16978 | Lair:4   | Killed Tessuop's ghost
 17164 | Lair:5   | Found a dark tunnel.
 17175 | Volcano  | Entered a volcano
 17348 | Volcano  | Found a bloodstained altar of Trog.
 17561 | Lair:5   | Reached skill level 11 in Fighting
 17695 | Lair:5   | Reached XP level 15. HP: 91/119 MP: 15/15
 18359 | Lair:6   | Entered Level 6 of the Lair of Beasts
 18428 | Lair:6   | Noticed Sonja
 18474 | Lair:6   | Killed Sonja
 18603 | Lair:6   | Reached skill level 10 in Shields
 18729 | Lair:6   | Reached skill level 12 in Fighting
 18740 | Lair:6   | Found a staircase to the Slime Pits.
 18740 | Lair:6   | Found a viscous altar of Jiyva.
 19867 | Orc:1    | Entered Level 1 of the Orcish Mines
 19959 | Orc:1    | Noticed an orc warlord
 19973 | Orc:1    | Killed an orc warlord
 20186 | Orc:1    | Found a flagged portal.
 20197 | Bailey   | Entered a bailey
 20346 | Bailey   | Reached skill level 10 in Evocations
 20471 | Bailey   | Identified the +6 spear "Kuatz" {vamp, SInv}
 20510 | Bailey   | Identified the +6 scimitar of Ewnym {vamp, rN+ Int+2 Dex+2}
 20833 | Orc:2    | Entered Level 2 of the Orcish Mines
 20874 | Orc:2    | Noticed Nessos
 20884 | Orc:2    | Reached XP level 16. HP: 129/129 MP: 16/16
 20898 | Orc:2    | Reached skill level 13 in Fighting
 20997 | Orc:2    | Killed Nessos
 21368 | Orc:2    | Found a staircase to the Elven Halls.
 21475 | Orc:2    | Found Jeoddan's Distillery.
 21475 | Orc:2    | Found Tidghela's Distillery.
 21492 | Orc:2    | Bought 2 potions of heal wounds for 100 gold pieces
 21492 | Orc:2    | Bought a potion of might for 40 gold pieces
 21492 | Orc:2    | Bought a potion of curing for 30 gold pieces
 21492 | Orc:2    | Bought a potion of curing for 30 gold pieces
 21492 | Orc:2    | Bought a potion of resistance for 100 gold pieces
 21501 | Orc:2    | Bought a potion of heal wounds for 75 gold pieces
 21501 | Orc:2    | Bought 2 potions of might for 120 gold pieces
 21501 | Orc:2    | Bought a potion of might for 60 gold pieces
 21510 | Orc:2    | Bought a potion of cancellation for 80 gold pieces
 21553 | Orc:2    | Found Zamoz's Armour Boutique.
 21553 | Orc:2    | Found Inuf's General Store.
 21563 | Orc:2    | Bought a +1 tower shield of poison resistance for 189 gold
                  | pieces
 21572 | Orc:2    | Bought a potion of curing for 33 gold pieces
 21943 | D:12     | Noticed Frances
 22014 | D:11     | Killed Qorotoc's ghost
 22188 | D:12     | Killed Frances
 22189 | D:12     | Reached skill level 14 in Fighting
 22875 | D:13     | Found a gate to the Vaults.
 23335 | D:13     | Noticed Snorg
 23341 | D:13     | Killed Snorg
 23622 | D:13     | Bought a scroll of acquirement for 728 gold pieces
 23622 | D:13     | Bought a scroll of enchant armour for 105 gold pieces
 23622 | D:13     | Bought a scroll of enchant armour for 105 gold pieces
 23622 | D:13     | Acquired the ring of Departure {rF+ rN+ rCorr Str-3}
 23754 | D:14     | Reached XP level 17. HP: 137/140 MP: 17/17
 23756 | D:14     | Reached skill level 15 in Fighting
 24026 | D:14     | Reached skill level 15 in Shields
 24113 | D:14     | Reached skill level 1 in Dodging
 24510 | D:15     | Entered Level 15 of the Dungeon
 25089 | D:15     | Reached skill level 5 in Dodging
 25125 | D:15     | Found a staircase to the Depths.
 25510 | D:15     | Acquired a +0 demon trident of flaming
 26078 | Swamp:1  | Entered Level 1 of the Swamp
 26657 | Swamp:2  | Reached XP level 18. HP: 138/149 MP: 18/18
 26854 | Swamp:2  | Noticed Jorgrun
 26874 | Swamp:2  | Killed Jorgrun
 27834 | Swamp:4  | Entered Level 4 of the Swamp
 28810 | Swamp:4  | Noticed a tentacled monstrosity
 28848 | Swamp:4  | Killed a tentacled monstrosity
 29185 | Swamp:4  | Got a decaying rune of Zot
 29326 | Lair:4   | Bought the +2 cloak of Weightlessness {rF+ rCorr Slay+2}
                  | for 680 gold pieces
 29337 | Lair:4   | Bought a +1 pair of gloves of archery for 264 gold pieces
 29437 | Snake:1  | Entered Level 1 of the Snake Pit
 29437 | Snake:1  | Found Qacsiv's Distillery.
 29508 | Snake:1  | Reached XP level 19. HP: 146/155 MP: 19/19
 29552 | Snake:1  | Bought a potion of heal wounds for 80 gold pieces
 29568 | Snake:1  | Bought a potion of might for 64 gold pieces
 30031 | Snake:1  | Found a large runed translucent door.
 30058 | Snake:1  | Found a large runed translucent door.
 30073 | Snake:1  | Noticed knorpule3000's ghost (adept MiBe)
 30083 | Snake:1  | Killed knorpule3000's ghost
 30353 | Snake:2  | Found Gegucaxu's Weapon Boutique.
 30440 | Snake:2  | Reached skill level 10 in Dodging
 30732 | Snake:2  | Reached skill level 15 in Armour
 32092 | Snake:4  | Entered Level 4 of the Snake Pit
 32131 | Snake:4  | Noticed Louise
 32150 | Snake:4  | Killed Louise
 32254 | Snake:4  | Reached XP level 20. HP: 151/162 MP: 20/20
 32470 | Snake:4  | Identified the +4 ring mail of Refuge {rN++ Regen+ rCorr
                  | Dex-5}
 33225 | Snake:4  | Got a serpentine rune of Zot
 33722 | Vaults:1 | Entered Level 1 of the Vaults
 34185 | Vaults:1 | Reached XP level 21. HP: 164/170 MP: 21/21
 34392 | Vaults:1 | Reached skill level 16 in Fighting
 34483 | Vaults:1 | Found a ruined gateway.
 34491 | Desolati | Entered the Desolation of Salt
 34513 | Desolati | Identified Tacaleoq's Incunabulum of Attacks and Flight
 34617 | Desolati | Identified the +0 ring mail "Furch" {Dex+4 Stlth+}
 34633 | Desolati | Identified the ring of Faelyhuot {Ice rN+ Str+2 Dex+4}
 34650 | Desolati | Identified the +1 scale mail of Lightning Storm {rN++}
 35219 | Desolati | Found the +2 robe of Vines {NoPotionHeal Regen+++}
 35281 | Desolati | Reached skill level 17 in Fighting
 35360 | Desolati | Identified the +2 chain mail of the Game of Kings {rCorr
                  | Int+5 Stlth+}
 35363 | Desolati | Identified the amulet "Kinwoil" {Spirit Dex+2}
 35364 | Desolati | Identified the Grimoire of the Arsonist and Transmigration
 35766 | Vaults:1 | Acquired 872 gold pieces
 36332 | D:11     | Bought a manual of Throwing for 1987 gold pieces
 36374 | D:13     | Bought a scroll of enchant weapon for 157 gold pieces
 36430 | Vaults:2 | Identified the Catalogue of the Unstable Escort
 36599 | Vaults:2 | Reached XP level 22. HP: 182/182 MP: 22/22
 36632 | Vaults:2 | Noticed Frederick
 36643 | Vaults:2 | Killed Frederick
 36679 | Vaults:2 | Found a staircase to the Crypt.
 36913 | Vaults:2 | Found Awecw's Assorted Antiques.
 36924 | Vaults:2 | Bought a scroll of enchant armour for 352 gold pieces
 36924 | Vaults:2 | Bought a scroll of fog for 94 gold pieces
 37218 | Vaults:2 | Noticed Margery
 37228 | Vaults:2 | Reached skill level 18 in Fighting
 37249 | Vaults:2 | Killed Margery
 38236 | Vaults:3 | Reached skill level 15 in Evocations
 38786 | Vaults:3 | Reached XP level 23. HP: 192/192 MP: 23/23
 39116 | Vaults:3 | Found Wiezebbo's Distillery.
 39132 | Vaults:3 | Bought 2 potions of heal wounds for 140 gold pieces
 39132 | Vaults:3 | Bought a potion of heal wounds for 70 gold pieces
 39132 | Vaults:3 | Bought a potion of resistance for 140 gold pieces
 39132 | Vaults:3 | Bought a potion of mutation for 112 gold pieces
 39240 | Vaults:3 | Reached skill level 19 in Fighting
 39363 | Vaults:3 | Reached skill level 15 in Throwing
 40475 | Vaults:4 | Reached skill level 20 in Fighting
 40853 | Vaults:4 | Found Woguf's Armour Shoppe.
 41087 | Vaults:5 | Entered Level 5 of the Vaults
 41087 | Vaults:5 | Noticed a dread lich
 41087 | Vaults:5 | Noticed Saint Roka
 41414 | Depths:1 | Entered Level 1 of the Depths
 41634 | Depths:1 | Found a one-way gate to the infinite horrors of the Abyss.
 41649 | Depths:1 | Reached XP level 24. HP: 204/204 MP: 23/23
 41864 | Depths:1 | Found a gateway to Hell.
 42286 | Depths:2 | Found a gateway to a ziggurat.
 42383 | Zig:1    | Entered Level 1 of a ziggurat
 42408 | Zig:2    | Entered Level 2 of a ziggurat
 42443 | Zig:3    | Entered Level 3 of a ziggurat
 42485 | Zig:4    | Entered Level 4 of a ziggurat
 42623 | Zig:5    | Entered Level 5 of a ziggurat
 42628 | Zig:5    | Noticed a golden dragon
 42640 | Zig:5    | Killed a golden dragon
 42676 | Zig:6    | Entered Level 6 of a ziggurat
 42855 | Zig:6    | Reached XP level 25. HP: 204/204 MP: 23/23
 42858 | Zig:7    | Entered Level 7 of a ziggurat
 42938 | Zig:8    | Entered Level 8 of a ziggurat
 42945 | Zig:8    | Found the ring of the Tortoise {AC+8}
 43051 | Zig:8    | Identified the +3 hand axe of Ghostly Reinforcement {flame,
                  | rN+ rCorr Str-5 Dex+6}
 43074 | Zig:8    | Acquired a manual of Translocations
 43076 | Zig:8    | Acquired 781 gold pieces
 43082 | Zig:9    | Entered Level 9 of a ziggurat
 43286 | Zig:9    | Identified the ring "Tunonan" {Fire rElec rN+ Will+}
 43303 | Zig:9    | Identified the +4 morningstar "Itwitiny" {vorpal, *Noise
                  | rN+ Dex+4}
 43310 | Zig:10   | Entered Level 10 of a ziggurat
 43380 | Zig:10   | HP: 6/210 [acid (7)]
 43532 | Zig:10   | Identified the ring "Fumeod" {rC+ rN+ Will- Str+6 SInv}
 43536 | Zig:10   | Identified the ring of the Singing Messenger {rElec rPois
                  | rC+ Will+ Str-3}
 43588 | Zig:10   | Identified the +8 halberd of Charity {vamp, rN+}
 43594 | Zig:10   | Identified the +7 short sword of Collusion {antimagic,
                  | rPois Str+2}
 43627 | Depths:2 | Found Foyxaaro's Antique Weapon Boutique.
 43977 | Depths:2 | Identified the +0 ring mail of Relativism {rF- rN+++ Dex-3
                  | Stlth+}
 44277 | Depths:2 | Noticed a caustic shrike
 44284 | Depths:2 | Killed a caustic shrike
 44786 | D:10     | You paid a toll of +3 storm dragon scales to enter a
                  | treasure trove
 44787 | Trove    | Entered a treasure trove
 44790 | Trove    | Found the +3 pair of gauntlets of War {Slay+5}
 44791 | Trove    | Identified the -5 pair of boots "Feran" {rPois rF+}
 44792 | Trove    | Identified the +2 cloak of the Meadowlark {*Corrode rN+
                  | SInv}
 44793 | Trove    | Identified the +2 scale mail "Jimm" {Rampage rPois Slay-6}
 44806 | Trove    | Identified the +3 cloak "Taar" {*Corrode Fly rElec rF+}
 44809 | Trove    | Identified the +4 chain mail "Dusirust" {Fly Dex+4 Slay+6}
 44810 | Trove    | Identified the +1 chain mail of Wu Jian's Grace {Int+3}
 44811 | Trove    | Identified the +1 pair of boots "Muselafi" {rC+}
 45079 | Depths:3 | Reached XP level 26. HP: 202/218 MP: 23/23
 45319 | Hell     | Entered the Vestibule of Hell
 45321 | Hell     | Noticed Geryon
 45505 | Depths:3 | Identified the +12 great mace of Liczufu {vorpal, *Slow rF+
                  | rN+ Stlth+}
 45552 | Depths:3 | Identified the +7 halberd of Perfectionism {freeze, rC+
                  | Str+2}
 45779 | Depths:3 | Found a one-way gate leading to the halls of Pandemonium.
 45922 | Depths:3 | Identified the Reference Book on Toxins and Flames
 46084 | Depths:3 | Found a sparkling altar of Nemelex Xobeh.
 46195 | Depths:3 | Found a runed translucent door.
 46196 | Depths:3 | Noticed Quahany's ghost (legendary GrEE)
 46652 | Depths:4 | Found a corrupted altar of Lugonu.
 46938 | Depths:4 | Found a stormy altar of Qazlal.
 47886 | Depths:4 | Identified the +1 rapier of Deformation {pain, rPois Dex+4}
 47917 | Depths:4 | Reached XP level 27. HP: 215/224 MP: 23/23
 48002 | Depths:5 | Entered Level 5 of the Depths
 48290 | Depths:5 | Found a gate to the Realm of Zot.
 48492 | Depths:5 | Noticed a juggernaut
 48500 | Depths:5 | Killed a juggernaut
 48581 | Depths:5 | Noticed a juggernaut
 48593 | Depths:5 | Killed a juggernaut
 49141 | Depths:5 | Found a hazy altar of Hepliaklqana.
 49628 | D:13     | Bought a scroll of enchant armour for 105 gold pieces
 49628 | D:13     | Bought a scroll of enchant weapon for 105 gold pieces
 49628 | D:13     | Bought a scroll of acquirement for 728 gold pieces
 49628 | D:13     | Bought a scroll of holy word for 105 gold pieces
 49628 | D:13     | Bought a scroll of summoning for 133 gold pieces
 49629 | D:13     | Acquired a manual of Shields
 49782 | Vaults:5 | Killed a dread lich
 49791 | Vaults:5 | Killed Saint Roka
 49931 | Vaults:5 | Identified the +3 mace "Baomniw" {vorpal, rN+}
 50080 | Vaults:5 | Noticed an ancient lich
 50174 | Vaults:5 | Killed an ancient lich
 50293 | Vaults:5 | Found Iluuqoyfuv's Jewellery Shoppe.
 50305 | Vaults:5 | Got a silver rune of Zot
 50403 | Vaults:5 | Identified the +6 rapier of Rotten Innocence {drain, +Rage
                  | Dex+4 SInv}
 50403 | Vaults:5 | Identified the +1 troll leather armour of Jigsaw {rElec
                  | Regen+ Int+2}
 50468 | Vaults:5 | Identified the +2 robe of Duty {Regen+ Str-2 Int+4 Dex+5}
 50491 | Vaults:5 | Identified the ring "Hero's Friend" {rF++ rCorr Stlth+}
 50584 | Vaults:5 | Identified the Disquisition on Creative Execration
 50692 | Vaults:5 | Identified the Reference Book on Dislocated Changing
 50709 | Vaults:5 | Identified the +9 whip "Hiotou" {flame, rCorr Str+3}
 50733 | Vaults:5 | Found Arghir Cijay's Magic Scroll Emporium.
 50736 | Vaults:5 | Bought a scroll of enchant armour for 150 gold pieces
 50736 | Vaults:5 | Bought a scroll of brand weapon for 400 gold pieces
 51087 | Vaults:5 | Noticed a dread lich
 51108 | Vaults:5 | Killed a dread lich
 51373 | Vaults:5 | Identified the +0 pair of gloves of Fallacy {+Blink rPois
                  | Regen+ Str-5}
 51733 | Elf:1    | Entered Level 1 of the Elven Halls
 52204 | Elf:1    | Found a runed translucent gate.
 52204 | Elf:1    | Found a runed translucent gate.
 52204 | Elf:1    | Found a runed translucent gate.
 52204 | Elf:1    | Found a runed translucent gate.
 52204 | Elf:1    | Found a runed translucent gate.
 52286 | Elf:1    | Noticed Asterion
 52298 | Elf:1    | Killed Asterion
 52368 | Elf:1    | Found Nahe's Antique Armour Boutique.
 52368 | Elf:1    | Found Bareili's Book Shop.
 52369 | Elf:1    | Found Vasola Jodd's Weapon Boutique.
 52371 | Elf:1    | Found Efohabbo's Distillery.
 52381 | Elf:1    | Bought a potion of heal wounds for 55 gold pieces
 52707 | Elf:1    | Noticed Roxanne
 52725 | Elf:1    | Killed Roxanne
 52879 | Elf:1    | Found Afue's Book Boutique.
 53063 | Elf:1    | Found a runed translucent gate.
 53484 | Elf:2    | Found a large runed translucent door.
 53484 | Elf:2    | Found a large runed translucent door.
 53536 | Elf:2    | Found a runed translucent gate.
 53537 | Elf:2    | Found a runed translucent gate.
 53754 | Elf:2    | Found a runed translucent gate.
 53902 | Elf:2    | Noticed Tazxata's ghost (journeyman VSFi)
 53916 | Elf:2    | Killed Tazxata's ghost
 54360 | Elf:3    | Entered Level 3 of the Elven Halls
 54369 | Elf:3    | HP: 11/224 [+2 vorpal glaive (2)]
 54370 | Elf:3    | HP: 5/224 [deep elf blademaster/+0 rapier (17)]
 54588 | Elf:3    | Identified the +5 hand axe of Calamity {antimagic, rElec
                  | rPois Will+ Str+3}
 54588 | Elf:3    | Identified the ring "Keeck" {Wiz rPois rF+}
 54620 | Elf:3    | Identified the ring "Royttel" {rF+ Will- Str+8 Dex+4}
 54622 | Elf:3    | Identified the ring of Fumop {Fire Will+ Int-3 Slay+5}
 54719 | Elf:3    | Identified the +0 pair of gloves of the Sparrow {rPois rF-
                  | rCorr Dex-3}
 54730 | Elf:3    | Identified the +3 plate armour of Detron {rC++}
 55606 | D:13     | Bought 2 potions of mutation for 304 gold pieces
 55606 | D:13     | Bought a potion of might for 76 gold pieces
 55606 | D:13     | Bought 2 potions of heal wounds for 190 gold pieces
 55788 | Depths:1 | Voluntarily entered the Abyss.
 55924 | Abyss:1  | Noticed an ancient lich
 55935 | Abyss:1  | Killed an ancient lich
 56231 | Abyss:2  | Found a corrupted altar of Lugonu.
 56242 | Abyss:2  | Gained mutation: You occasionally shout uncontrollably at
                  | your foes. [a neqoxec]
 56244 | Abyss:2  | Gained mutation: You sometimes lose the ability to read
                  | scrolls when taking damage. [a neqoxec]
 56502 | Abyss:2  | Gained mutation: You are frail. (-10% HP) [a neqoxec]
 56739 | Abyss:2  | Found a corrupted altar of Lugonu.
 57189 | Abyss:2  | Reached skill level 21 in Fighting
 58284 | Abyss:3  | Identified the +5 chain mail of Fortification {rCorr Dex+3}
 59277 | Abyss:3  | Gained mutation: Armour fits poorly on your strangely
                  | shaped body. [a neqoxec]
 59461 | Abyss:3  | Reached skill level 22 in Fighting
 60023 | Abyss:3  | Noticed a dread lich
 60028 | Abyss:3  | Killed a dread lich
 60118 | Abyss:4  | Got an abyssal rune of Zot
 60374 | Abyss:4  | Reached skill level 23 in Fighting
 60391 | Depths:1 | Escaped the Abyss
 60445 | Depths:1 | Lost mutation: Armour fits poorly on your strangely shaped
                  | body. [potion of mutation]
 60445 | Depths:1 | Lost mutation: You occasionally shout uncontrollably at
                  | your foes. [potion of mutation]
 60445 | Depths:1 | Gained mutation: You passively map a small area around you.
                  | [potion of mutation]
 60445 | Depths:1 | Gained mutation: You are partially covered in large bone
                  | plates. (SH +4) [potion of mutation]
 60446 | Depths:1 | Lost mutation: You sometimes lose the ability to read
                  | scrolls when taking damage. [potion of mutation]
 60446 | Depths:1 | Lost mutation: You are frail. (-10% HP) [potion of
                  | mutation]
 60446 | Depths:1 | Gained mutation: You are partially covered in iridescent
                  | scales. (AC +2) [potion of mutation]
 60446 | Depths:1 | Gained mutation: Your spells are a little easier to cast,
                  | but a little less powerful. [potion of mutation]
 60446 | Depths:1 | Gained mutation: You expend magic power (3 MP) to
                  | strengthen your wands. [potion of mutation]
 60575 | Zot:1    | Entered Level 1 of the Realm of Zot
 60604 | Zot:1    | Reached skill level 15 in Dodging
 61965 | Zot:2    | Reached skill level 24 in Fighting
 62520 | Zot:2    | Noticed a Killer Klown
 62564 | Zot:2    | Noticed an orb of fire
 62580 | Zot:2    | Gained mutation: Armour fits poorly on your strangely
                  | shaped body. [an orb of fire]
 62583 | Zot:2    | Killed an orb of fire
 62584 | Zot:2    | Reached skill level 25 in Fighting
 62584 | Zot:2    | Reached skill level 1 in Axes
 62610 | Zot:2    | Killed a Killer Klown
 62611 | Zot:2    | Reached skill level 5 in Axes
 62714 | Zot:2    | Lost mutation: Your spells are a little easier to cast, but
                  | a little less powerful. [potion of mutation]
 62714 | Zot:2    | Lost mutation: You are partially covered in iridescent
                  | scales. (AC +2) [potion of mutation]
 62714 | Zot:2    | Lost mutation: You expend magic power (3 MP) to strengthen
                  | your wands. [potion of mutation]
 62714 | Zot:2    | Gained mutation: You passively map the area around you.
                  | [potion of mutation]
 62714 | Zot:2    | Gained mutation: You are clumsy. (Dex -2) [potion of
                  | mutation]
 62715 | Zot:2    | Lost mutation: You are clumsy. (Dex -2) [potion of
                  | mutation]
 62715 | Zot:2    | Lost mutation: Armour fits poorly on your strangely shaped
                  | body. [potion of mutation]
 62715 | Zot:2    | Gained mutation: Your system is resistant to poisons.
                  | (rPois) [potion of mutation]
 62715 | Zot:2    | Gained mutation: You evolve. [potion of mutation]
 63431 | Zot:3    | Lost mutation: You evolve. [end of evolution]
 63469 | Zot:3    | Reached skill level 10 in Axes
 64149 | Zot:4    | Noticed an orb of fire
 64168 | Zot:4    | Gained mutation: You are frail. (-10% HP) [an orb of fire]
 64170 | Zot:4    | Killed an orb of fire
 64230 | Zot:4    | Lost mutation: You are frail. (-10% HP) [potion of
                  | mutation]
 64230 | Zot:4    | Lost mutation: You are partially covered in large bone
                  | plates. (SH +4) [potion of mutation]
 64230 | Zot:4    | Lost mutation: You passively map the area around you.
                  | [potion of mutation]
 64230 | Zot:4    | Gained mutation: Your mind is acute. (Int +2) [potion of
                  | mutation]
 64230 | Zot:4    | Gained mutation: You expend magic power (3 MP) to
                  | strengthen your wands. [potion of mutation]
 64321 | Zot:4    | Identified the +5 bardiche "Haupluq" {vorpal, *Slow rPois
                  | Int+7}
 64808 | Zot:4    | Reached skill level 15 in Axes
 65375 | Zot:5    | Entered Level 5 of the Realm of Zot
 65748 | Zot:5    | Lost mutation: You expend magic power (3 MP) to strengthen
                  | your wands. [mutagenic glow]
 65900 | Zot:5    | Noticed an orb of fire
 65905 | Zot:5    | Gained mutation: Your magical capacity is low. (-10% MP)
                  | [an orb of fire]
 65906 | Zot:5    | Gained mutation: You possess an exceptional clarity of
                  | mind. [an orb of fire]
 65908 | Zot:5    | Gained mutation: You sometimes lose the ability to read
                  | scrolls when taking damage. [an orb of fire]
 65911 | Zot:5    | Gained mutation: You occasionally shout uncontrollably at
                  | your foes. [an orb of fire]
 65918 | Zot:5    | Gained mutation: Your body sometimes deteriorates upon
                  | taking damage. [an orb of fire]
 65919 | Zot:5    | Killed an orb of fire
 65936 | Zot:5    | Lost mutation: Your system is resistant to poisons. (rPois)
                  | [potion of mutation]
 65936 | Zot:5    | Lost mutation: Your body sometimes deteriorates upon taking
                  | damage. [potion of mutation]
 65936 | Zot:5    | Lost mutation: Your mind is acute. (Int +2) [potion of
                  | mutation]
 65936 | Zot:5    | Gained mutation: Your spells are a little harder to cast,
                  | but a little more powerful. [potion of mutation]
 65936 | Zot:5    | Gained mutation: You do not regenerate when monsters are
                  | visible. [potion of mutation]
 65936 | Zot:5    | Gained mutation: You have very sharp teeth. [potion of
                  | mutation]
 65937 | Zot:5    | Lost mutation: You sometimes lose the ability to read
                  | scrolls when taking damage. [potion of mutation]
 65937 | Zot:5    | Lost mutation: You possess an exceptional clarity of mind.
                  | [potion of mutation]
 65937 | Zot:5    | Lost mutation: Your magical capacity is low. (-10% MP)
                  | [potion of mutation]
 65937 | Zot:5    | Gained mutation: You evolve. [potion of mutation]
 65938 | Zot:5    | Lost mutation: You passively map a small area around you.
                  | [potion of mutation]
 65938 | Zot:5    | Lost mutation: Your spells are a little harder to cast, but
                  | a little more powerful. [potion of mutation]
 65938 | Zot:5    | Lost mutation: You evolve. [potion of mutation]
 65938 | Zot:5    | Gained mutation: You are agile. (Dex +2) [potion of
                  | mutation]
 65938 | Zot:5    | Gained mutation: You evolve. [potion of mutation]
 65939 | Zot:5    | Lost mutation: You do not regenerate when monsters are
                  | visible. [potion of mutation]
 65939 | Zot:5    | Lost mutation: You occasionally shout uncontrollably at
                  | your foes. [potion of mutation]
 65939 | Zot:5    | Lost mutation: You are agile. (Dex +2) [potion of mutation]
 65939 | Zot:5    | Gained mutation: You occasionally shout uncontrollably at
                  | your foes. [potion of mutation]
 65939 | Zot:5    | Gained mutation: Your muscles are strong. (Str +2) [potion
                  | of mutation]
 65974 | Zot:5    | Noticed an orb of fire
 66002 | Zot:5    | Killed an orb of fire
 66017 | Zot:5    | Noticed a dread lich
 66022 | Zot:5    | Gained mutation: You are frail. (-10% HP) [a cacodemon]
 66026 | Zot:5    | Killed a dread lich
 66126 | Zot:5    | Noticed a Killer Klown
 66131 | Zot:5    | Killed a Killer Klown
 66177 | Zot:5    | Noticed an orb of fire
 66178 | Zot:5    | Noticed a Killer Klown
 66181 | Zot:5    | Noticed an orb of fire
 66185 | Zot:5    | Killed an orb of fire
 66197 | Zot:5    | Noticed an orb of fire
 66198 | Zot:5    | Killed a Killer Klown
 66206 | Zot:5    | Noticed a dread lich
 66209 | Zot:5    | Killed an orb of fire
 66220 | Zot:5    | Killed an orb of fire
 66226 | Zot:5    | Killed a dread lich
 66531 | Zot:5    | Gained mutation: You are partially covered in iridescent
                  | scales. (AC +2) [evolution]
 66840 | Zot:5    | Noticed an ancient lich
 66854 | Zot:5    | Killed an ancient lich
 66865 | Zot:5    | Noticed a dread lich
 66874 | Zot:5    | Killed a dread lich
 66933 | Zot:5    | Noticed a Killer Klown
 66941 | Zot:5    | Noticed an orb of fire
 66954 | Zot:5    | Killed an orb of fire
 66957 | Zot:5    | Killed a Killer Klown
 67086 | Zot:5    | Gained mutation: You are clumsy. (Dex -2) [mutagenic glow]
 67098 | Zot:5    | Gained mutation: You sometimes lose the ability to read
                  | scrolls when taking damage. [mutagenic glow]
 67750 | Elf:1    | Bought a potion of mutation for 88 gold pieces
 67750 | Elf:1    | Lost mutation: You are clumsy. (Dex -2) [potion of
                  | mutation]
 67750 | Elf:1    | Lost mutation: Your muscles are strong. (Str +2) [potion of
                  | mutation]
 67750 | Elf:1    | Lost mutation: You are partially covered in iridescent
                  | scales. (AC +2) [potion of mutation]
 67750 | Elf:1    | Gained mutation: You do not regenerate when monsters are
                  | visible. [potion of mutation]
 68127 | Depths:5 | Bought a potion of heal wounds for 85 gold pieces
 68127 | Depths:5 | Bought 2 potions of heal wounds for 170 gold pieces
 68127 | Depths:5 | Bought a potion of might for 68 gold pieces
 68940 | D:5      | Bought a scroll of enchant weapon for 90 gold pieces
 69255 | Slime:1  | Entered Level 1 of the Pits of Slime
 70230 | Slime:2  | Found a shimmering altar of Xom.
 70432 | Slime:3  | Gained mutation: You frequently scream uncontrollably at
                  | your foes. [a shining eye]
 70435 | Slime:3  | Gained mutation: Your magical capacity is low. (-10% MP) [a
                  | shining eye]
 70436 | Slime:3  | Gained mutation: Your magical capacity is very low. (-20%
                  | MP) [a shining eye]
 70925 | Slime:4  | Gained mutation: Your body sometimes deteriorates upon
                  | taking damage. [a shining eye]
 71087 | Slime:5  | Entered Level 5 of the Pits of Slime
 71114 | Slime:5  | Noticed the Royal Jelly
 71148 | Slime:5  | Gained mutation: Your body often deteriorates upon taking
                  | damage. [a shining eye]
 71151 | Slime:5  | Gained mutation: You are very frail. (-20% HP) [a shining
                  | eye]
 71194 | Slime:5  | Gained mutation: Armour fits poorly on your strangely
                  | shaped body. [a shining eye]
 71197 | Slime:5  | Gained mutation: You are extremely frail. (-30% HP) [a
                  | shining eye]
 71254 | Slime:5  | Killed the Royal Jelly
 71410 | Slime:5  | Identified the Collected Works on the Twisted Escort
 71435 | Slime:5  | Identified the amulet "Yranewk" {Rampage Regen+}
 71450 | Slime:5  | Found the amulet of the Four Winds {rN+ Will+++ Clar}
 71479 | Slime:5  | Got a slimy rune of Zot
 71501 | Slime:5  | Identified the Guide on Displaced Sinister Arts
 71585 | Slime:5  | Identified the +1 robe "Covvyoq" {rElec rN+ Dex-3}
 74166 | Hell     | Killed Geryon
 74223 | Hell     | Gained mutation: You are dopey. (Int -2) [a cacodemon]
 74482 | Hell     | Lost mutation: You are extremely frail. (-30% HP)
                  | [evolution]
 74528 | Hell     | Found a gateway to the ashen valley of Gehenna.
 74720 | Hell     | Reached skill level 26 in Fighting
 75052 | Hell     | Found a gateway to the decaying netherworld of Tartarus.
 75265 | Hell     | Found a gateway to the freezing wastes of Cocytus.
 75332 | Hell     | Found a gateway to the Iron City of Dis.
 76291 | Tar:1    | Entered Level 1 of Tartarus
 76699 | Tar:1    | Reached skill level 27 in Fighting
 82068 | Tar:1    | Lost mutation: Your body often deteriorates upon taking
                  | damage. [evolution]
 83199 | Tar:1    | Bought a glimmering plate armour for 980 gold pieces
 83199 | Tar:1    | Identified the +7 plate armour of the Raven {Harm} (You
                  | bought it in a shop on level 1 of Tartarus)
 83702 | Temple   | Fell from the grace of Gozag
 83702 | Temple   | Became a worshipper of Zin the Law-Giver
 84345 | Crypt:1  | Entered Level 1 of the Crypt
 84886 | Crypt:1  | Reached * piety under Zin
 85516 | Crypt:2  | Noticed Donald
 85517 | Crypt:2  | Reached ** piety under Zin
 85527 | Crypt:2  | Killed Donald
 85808 | Crypt:2  | Noticed Mara
 85816 | Crypt:2  | Reached *** piety under Zin
 85826 | Crypt:2  | Found a burning altar of Makhleb.
 85829 | Crypt:2  | Killed Mara
 86902 | Crypt:3  | Entered Level 3 of the Crypt
 87000 | Crypt:3  | Reached **** piety under Zin
 87503 | Crypt:3  | Found the +8 demon blade "Leech" {vamp, *Rage +Rage rN+}
 87901 | Crypt:3  | Found a runed translucent door.
 87902 | Crypt:3  | Noticed Warufrag's ghost (veteran GrFi)
 88004 | Crypt:3  | Lost mutation: Your magical capacity is very low. (-20% MP)
                  | [evolution]
 88808 | Crypt:3  | Found a staircase to the Tomb.
 88991 | Crypt:3  | Noticed an ancient lich
 88991 | Crypt:3  | Noticed an ancient lich
 89142 | Crypt:3  | Killed an ancient lich
 89143 | Crypt:3  | Killed an ancient lich
 89250 | Crypt:3  | Identified the +7 glaive of Qefosypn {flame, Int+2 Dex+7
                  | Stlth+}
 89251 | Crypt:3  | Noticed an ancient lich
 89252 | Crypt:3  | Identified Waolustry's Disquisition on Sinister Rituals
 89253 | Crypt:3  | Identified the ring of Tulips {*Corrode rPois rN+ Str+2}
 89253 | Crypt:3  | Identified the ring "Deit" {rN+ Int+6}
 89253 | Crypt:3  | Identified the ring of Kiyz {rElec rN+ rCorr}
 89260 | Crypt:3  | Reached ***** piety under Zin
 89264 | Crypt:3  | Killed an ancient lich
 89302 | Crypt:3  | Identified the +1 robe of Duty {rC+ rCorr Str+3}
 89306 | Crypt:3  | Identified the +5 lajatang "Spiderbane" {spect, rF++ rC+++
                  | Int-5}
 89500 | Crypt:3  | Killed Warufrag's ghost
 89578 | Tomb:1   | Entered Level 1 of the Tomb of the Ancients
 90273 | Tomb:1   | Slain by a bennu

Illustrated notes

Levels and vault maps discovered:
D:1:      saegor_arrival_simple_e, layout_rooms,
          shapermc_ecumenical_altar_mp_urbaneastern
D:2:      layout_basic, due_unseen_surprise
D:3:      layout_loops_ring, hellmonk_ghost_happy_afterlife, st_stairs_7
D:4:      layout_cave_pools, nicolae_ru_path_of_blood, minmay_temple_entry_tees,
          uniq_menkaure
D:5:      layout_loops_ring, serial_shops, shop_fountains, nicolae_shop_stone,
          shop_statue, shop, shop, minmay_holes
D:6:      layout_loops_ring, corner_web_ring, uniq_prince_ribbit1, uniq_duvessa
D:7:      layout_loops_ring, serial_shops, shop, chequers_serial_rivers_micro_d
D:8:      wad_woods_minihive, layout_loops_ring,
          gammafunk_ghost_wrathful_warriors, kennysheep_minor_cross,
          hangedman_abyss_or_decor_lesser_grid, st_stairs_14
D:9:      layout_stronghold, minmay_three_doors, uniq_psyche, uniq_gastronok
D:10:     layout_loops_corners, serial_shops, nicolae_shop_waterfront,
          enter_trove_1
D:11:     layout_long_grid, lair_entry_dummy, orc_0_dummy, nzn_ghost_randoct,
          nicolae_alphabet_shops, uniq_nergalle
D:12:     layout_cave_pools, uniq_frances
D:13:     layout_cave_pods, erik_vaults_1, uniq_snorg
D:14:     layout_grid_maze, minmay_misc_feat_roman
D:15:     gammafunk_enter_depths_forms, layout_loops_corners,
          minmay_lindwurm_lava
Temple:   nicolae_temple_the_god_donut
Lair:1:   layout_regular_city, basic_altar, minmay_lair_oklob_chamber,
          lemuel_fruit_tree, infiniplex_staircase_pool, grunt_megastairs_3
Lair:2:   layout_small_grid, st_stairs_5, chequers_serial_rivers_room_b
Lair:3:   layout_regular_city, dummy_snake_entry, ebering_ghost_reflecting_pool,
          chequers_serial_rivers_room_b, grunt_megastairs_5
Lair:4:   layout_roguey, nicolae_swamp_entry_splash_gauntlet,
          gammafunk_ghost_necromancy, gauntlet_entry_generic,
          lemuel_old_faithful
Lair:5:   layout_cellular_growth, nicolae_volcano_entry_vermiform,
          beast_lair_carwin_5
Lair:6:   grunt_lair_end_beastmaster, layout_loops_ring, slime_altar_1,
          grunt_megastairs_4, uniq_sonja
Swamp:1:  layout_falls_marsh, nicolae_swamp_oxbows
Swamp:2:  layout_falls_marsh, evilmike_swamp_ruin_house_5, uniq_jorgrun
Swamp:3:  layout_falls_marsh, evilmike_swamp_ruin_house_3, swamp_pool1,
          hangedman_swamp_blocks
Swamp:4:  swamp, layout_basic_swamp
Snake:1:  layout_misc_corridors, ebering_ghost_disaster_area, serial_shops,
          nicolae_shop_statue_plus
Snake:2:  layout_cave_shapes, serial_shops, shop_fountains,
          nicolae_snake_ghostly_warrior_ritual
Snake:3:  layout_cave_town, nicolae_snake_shapes
Snake:4:  snake_pit, layout_basic, serial_curves, eino_curves_02,
          eino_curves_03, eino_curves_03, nicolae_snake_springs, uniq_louise
Slime:1:  layout_caves, nicolae_slime_barrier,
          cheibrodos_slime_lost_civilization_4
Slime:2:  layout_caves, basic_altar
Slime:3:  layout_caves, nicolae_slime_welcoming_committee
Slime:4:  layout_caves, uniq_dissolution
Slime:5
Orc:1:    layout_diamond_mine, enter_bailey_7
Orc:2:    st_orc_town, layout_diamond_mine, nicolae_orc_sculptors_studio,
          uniq_nessos
Elf:1:    eino_elf_arrival_the_gate, layout_loops_corners, serial_shops, shop,
          orc_legates, minmay_shoptagon, uniq_asterion, uniq_roxanne
Elf:2:    layout_loops_cross, ebering_ghost_disaster_area
Elf:3:    grunt_elf_hall_asides, layout_gridlike
Vaults:1: vaults_dpeg_cross, vaults_mumra_chevron,
          nicolae_vaults_little_squares_3, v_misc_23, vaults_mumra_minichess,
          vaults_mumra_chevron_long, ontoclasm_vaults_idyll, grunt_vaults_focal,
          nicolae_vaults_shelves_hall, vaults_room_stairs_pillars,
          vaults_room_fours, vaults_room_stairs_pillars, layout_vaults_big_room,
          portal_desolation_entry_salt
Vaults:2: minmay_crypt_entry_simple_statues, vaults_room_grunt_arrival_ludios,
          nicolae_vaults_little_squares_4, ontoclasm_vaults_idyll, v_rooms_2,
          ontoclasm_vaults_ligature, vaults_room_semicircle,
          nicolae_vaults_ring_of_whatevers, nicolae_vaults_mini_display_case,
          v_misc_26, nicolae_vaults_octagons, vaults_dpeg_ring,
          vaults_dpeg_diagonal, layout_vaults_ring, serial_shops,
          nicolae_shop_crystal, uniq_frederick, uniq_margery
Vaults:3: v_misc_2, v_misc_5, v_misc_17, dpeg_vaults_monster_row,
          hangedman_vaults_maws, nicolae_vaults_hallways_thing,
          ontoclasm_vaults_decontamination, vaults_room_door_hall,
          nicolae_vaults_little_squares_2, nicolae_vaults_triangles,
          vaults_room_octagon, nicolae_vaults_little_squares_6,
          nicolae_vaults_little_squares_6, ontoclasm_vaults_ring_large,
          layout_vaults_maze_bifur, serial_shops, nicolae_shop_waterfront
Vaults:4: ontoclasm_vaults_twist, nicolae_vaults_statue_guard, v_misc_2,
          hangedman_vaults_restitches, v_misc_15, ontoclasm_vaults_chip,
          nicolae_vaults_alarming, grunt_vaults_trifunnel,
          ontoclasm_vaults_fault, vaults_room_pools,
          nicolae_vaults_ring_of_whatevers, ontoclasm_vaults_pinch,
          vaults_room_pools, nicolae_vaults_network_s, vaults_room_hallway,
          vaults_dpeg_encased_lava, layout_vaults_omnicross, serial_shops,
          nicolae_shop_statue_plus
Vaults:5: uniq_saint_roka
Crypt:1:  layout_gridlike
Crypt:2:  layout_basic, lemuel_hellish_altar, grunt_megastairs_1, uniq_donald,
          uniq_mara
Crypt:3:  david_glass_crypt, layout_chaotic_city, tomb_entry_sphere_bobbens,
          gammafunk_ghost_grave
Tomb:1
Depths:1: layout_long_grid, hell_entry, nicolae_abyss_entry_one_way_or_another,
          kennysheep_cross_bottleneck, dk_noncrumbling_3,
          fake_guardian_serpent_vault
Depths:2: minmay_tri_box, layout_cave_shapes, enter_ziggurat_a, hell_entry,
          mu_enter_wizlab_5, hangedman_abyss_entry_splay, serial_shops, shop
Depths:3: minmay_the_grid_four_pointed_star_mashed
          [minmay_the_grid_triangle_9x9_zippers_horizontal,
          minmay_the_grid_triangle_9x9_sprig,
          minmay_the_grid_triangle_9x9_thin_v,
          minmay_the_grid_triangle_9x9_limited_checkers,
          minmay_the_grid_prize_shrinking_boxes], layout_gridlike,
          nemelex_altar_shiori, grunt_pan_entry_sceptre, hell_entry,
          abyss_entry, gammafunk_ghost_grave, kennysheep_kite_vault
Depths:4: cheibrodos_leafed_vault, layout_twisted_cross, serial_rivers,
          chequers_serial_rivers_small_3, chequers_serial_rivers_small_b,
          chequers_serial_rivers_micro_a, chequers_serial_rivers_micro_c,
          hangedman_geh_valley, pan_entry, nicolae_qazlal_scattered_showers,
          abyss_entry_flame_altar
Depths:5: grunt_zot_entry_bicorn, layout_gridville, grunt_pan_entry_spiral,
          hell_entry, nicolae_hepliaklqana_hippocampus, minmay_shattered_shrine
Hell
Tar:1:    layout_cathedral_of_symmetry
Zot:1:    layout_cathedral_of_symmetry
Zot:2:    grunt_zot_stairs_mandelzot, layout_onion_interference
Zot:3:    layout_gridlike, zot_minivault_4
Zot:4:    layout_cathedral_of_symmetry
Zot:5:    layout_misc_corridors, st_stairs_6

Skill      XL: |  1  2  3  4  5  6  7  8  9 10 11 12 13 14 15 16 17 18 19 20 21 22 23 24 25 26 27 |
---------------+----------------------------------------------------------------------------------+-----
Polearms       | 3 4 6 7 10 12 14 15 16 18 20 | 20.0
Fighting       | 4 5 7 9 11 12 14 15 17 18 20 27 | 27.0
Shields        | 5 7 9 11 14 15 17 25 | 25.0
Armour         | 4 5 7 9 10 12 14 15 17 24 | 24.2
Throwing       | 7 10 14 17 18 20 23 | 23.6
Evocations     | 5 7 10 11 13 15 17 20 | 20.0
Dodging        | 6 9 10 15 | 15.0
Axes           | 23 | 23.7

Action                   |  1- 3 |  4- 6 |  7- 9 | 10-12 | 13-15 | 16-18 | 19-21 | 22-24 | 25-27 || total
-------------------------+-------+-------+-------+-------+-------+-------+-------+-------+-------++-------
Melee: Trident           |    72 |   121 |   269 |   569 |    23 |    18 |       |       |       ||  1072
       Halberd           |       |       |       |    26 |   782 |   855 |   865 |   148 |    83 ||  2759
       Demon trident     |       |       |       |       |       |   305 |       |     4 |       ||   309
       Glaive            |       |       |       |       |       |    75 |   703 |  1354 |  6718 ||  8850
       Executioner's axe |       |       |       |       |       |       |       |       |   474 ||   474
       Bite              |       |       |       |       |       |       |       |       |   391 ||   391
Throw: Dart              |       |       |    24 |   104 |    22 |    38 |     1 |       |       ||   189
       Throwing net      |       |       |       |     4 |       |     3 |       |       |       ||     7
       Boomerang         |       |       |       |       |    15 |       |    61 |     7 |   121 ||   204
       Javelin           |       |       |       |       |     5 |       |    11 |    12 |    36 ||    64
Invok: Potion Petition   |       |       |       |     2 |       |       |       |       |    17 ||    19
       Call Merchant     |       |       |       |     1 |     2 |     3 |     2 |       |     7 ||    15
       Recite            |       |       |       |       |       |       |       |       |     1 ||     1
       Bribe Branch      |       |       |       |       |       |       |       |       |     1 ||     1
 Abil: Dig               |     1 |     1 |     6 |     6 |     6 |       |     4 |       |    51 ||    75
Evoke: Wand              |       |       |       |     5 |     2 |       |       |     3 |     5 ||    15
       Tin of tremorston |       |       |       |       |     2 |       |       |     2 |     5 ||     9
       Box of beasts     |       |       |       |       |     1 |       |       |     1 |     7 ||     9
       Phantom mirror    |       |       |       |       |       |       |       |     1 |    12 ||    13
       Condenser vane    |       |       |       |       |       |       |       |       |    19 ||    19
  Use: Scroll            |     2 |     6 |     7 |     7 |     7 |    15 |     4 |     8 |    27 ||    83
       Potion            |       |     1 |     2 |       |       |     1 |     5 |     5 |    38 ||    52
 Stab: Distracted        |       |       |       |     6 |    17 |    28 |    25 |    14 |   102 ||   192
       Paralysed         |       |       |       |     2 |       |       |       |       |       ||     2
       Petrified         |       |       |       |       |     4 |       |       |       |       ||     4
       Petrifying        |       |       |       |       |     1 |       |       |       |       ||     1
       Confused          |       |       |       |       |       |     2 |       |       |       ||     2
       Invisible         |       |       |       |       |       |       |       |       |     1 ||     1
Armor: Scale mail        |    24 |    29 |    65 |    76 |       |       |       |       |       ||   194
       Plate armour      |       |       |       |    56 |   180 |   317 |   259 |   233 |  1171 ||  2216
Dodge: Dodged            |    11 |    31 |    56 |   153 |   123 |   203 |   277 |   220 |  1078 ||  2152
Block: Kite shield       |    21 |    48 |   110 |   311 |   287 |    17 |       |       |       ||   794
       Tower shield      |       |       |       |       |       |   953 |  1372 |  1322 |  6114 ||  9761

Table legend: (Time is in decaauts)
 A = Elapsed time spent in this place.
 B = Non-inter-level travel time spent in this place.
 C = Inter-level travel time spent in this place.
 D = Time resting spent in this place.
 E = Time spent auto-exploring this place.
 F = Levels seen in this place.
 G = Mean time per level.
                   A        B        C        D        E       F      G
               +--------+--------+--------+--------+--------+-----+--------+
         Total |  86517 |  76574 |   9943 |  10518 |  45351 |  80 | 1081.5 |
       Dungeon |  19392 |  15263 |   4129 |   1603 |  10369 |  15 | 1292.8 |
        Temple |    773 |    699 |     74 |    377 |    309 |   1 |  773.0 |
          Lair |   6700 |   5743 |    957 |    273 |   4440 |   6 | 1116.7 |
         Swamp |   3049 |   2921 |    128 |    146 |   2044 |   4 |  762.2 |
     Snake Pit |   3917 |   3734 |    183 |    191 |   2451 |   4 |  979.2 |
    Slime Pits |   2818 |   2519 |    299 |    192 |   1660 |   5 |  563.6 |
  Orcish Mines |   1995 |   1537 |    458 |    224 |    823 |   2 |  997.5 |
   Elven Halls |   3388 |   3145 |    243 |      0 |   2290 |   3 | 1129.3 |
        Vaults |   8247 |   6856 |   1391 |    119 |   4384 |   5 | 1649.4 |
         Crypt |   5104 |   4857 |    247 |   1151 |   3006 |   3 | 1701.3 |
          Tomb |    671 |    671 |      0 |    256 |    288 |   1 |  671.0 |
        Depths |   8260 |   7177 |   1083 |   1902 |   3788 |   5 | 1652.0 |
          Hell |   1608 |   1531 |     77 |      0 |   1124 |   1 | 1608.0 |
      Tartarus |   6743 |   6642 |    101 |   2831 |   2670 |   1 | 6743.0 |
           Zot |   6379 |   5810 |    569 |    625 |   3450 |   5 | 1275.8 |
         Abyss |   4040 |   4040 |      0 |    276 |    970 |   4 | 1010.0 |
      Ziggurat |   1141 |   1141 |      0 |    196 |    445 |  10 |  114.1 |
         Trove |     42 |     42 |      0 |      0 |      2 |   1 |   42.0 |
        Bailey |    343 |    343 |      0 |      0 |    149 |   1 |  343.0 |
       Volcano |    258 |    258 |      0 |      0 |    140 |   1 |  258.0 |
    Desolation |   1135 |   1135 |      0 |    101 |    547 |   1 | 1135.0 |
      Gauntlet |    503 |    503 |      0 |     54 |      2 |   1 |  503.0 |
               +--------+--------+--------+--------+--------+-----+--------+

Top non-repeatable levels by time:
   Tar:1: 6743 daAuts
Depths:1: 2845 daAuts
 Crypt:3: 2624 daAuts
    D:15: 2065 daAuts
Vaults:2: 1901 daAuts
 Abyss:2: 1817 daAuts
Vaults:4: 1786 daAuts
     D:5: 1749 daAuts
 Abyss:3: 1684 daAuts
   Zot:5: 1649 daAuts
     D:8: 1634 daAuts
Vaults:1: 1630 daAuts
    Hell: 1608 daAuts
     D:9: 1563 daAuts
    D:13: 1557 daAuts
